 Dungeon Crawl Stone Soup version 0.30-a0-830-gfe289a77b0 (webtiles) character file.

Game seed: 6913932980203741156

143 ragingrage the Shooter (level 5, -1/38 HPs)
             Began as a Formicid Hunter on Feb 28, 2023.
             Was an Initiate of Fedhas.
             Succumbed to a killer bee's poison
             ... on level 4 of the Dungeon.
             The game lasted 00:03:10 (2283 turns).

ragingrage the Shooter (Formicid Hunter)            Turns: 2283, Time: 00:03:10

Health: -1/38      AC:  4    Str: 15    XL:     5   Next: 50%
Magic:  4/4        EV: 12    Int:  9    God:    Fedhas [......]
Gold:   228        SH:  0    Dex: 19    Spells: 4/4 levels left

rFire   . . .      SeeInvis +    b - +2 dagger (venom)
rCold   + . .      Faith    +    (no shield)
rNeg    . . .      Spirit   .    c - +0 leather armour
rPois   .          Reflect  .    (helmet unavailable)
rElec   .          Harm     .    (no cloak)
rCorr   .          Rampage  .    h - +0 pair of gloves
Will    .....                    (no boots)
Stlth   ++                       n - amulet of faith
HPRegen 0.26/turn                (no ring)
MPRegen 0.09/turn                (no ring)

@: lethally poisoned (-1 -> -11), flying
A: permanent stasis, dig shafts and tunnels, antennae 3, four strong arms, cold
resistance 1, low MP 1
a: Dig, Shaft Self, Renounce Religion


You were on level 4 of the Dungeon.
You worshipped Fedhas.
Fedhas was noncommittal.
You visited 1 branch of the dungeon, and saw 4 of its levels.

You collected 228 gold pieces.

Inventory:

Hand Weapons
 a - a +0 shortbow
 b - a +2 dagger of venom (weapon)
Missiles
 d - a throwing net
Armour
 c - a +0 leather armour (worn)
 h - a +0 pair of gloves (worn)
 j - a +0 ring mail
Jewellery
 n - an amulet of faith (around neck)
Scrolls
 e - a scroll of immolation
 f - a scroll of magic mapping {unknown}
 g - 3 scrolls of identify {unknown}
 k - a scroll of fog {unknown}
 o - a scroll of enchant armour {unknown}
 q - a scroll of vulnerability {unknown}
Potions
 i - 3 potions of flight


   Skills:
 - Level 2.1 Fighting
 + Level 5.9 Ranged Weapons
 - Level 1.7 Dodging
 - Level 3.0 Stealth
 + Level 0.5 Invocations


You had 4 spell levels left.
You didn't know any spells.
Your spell library was empty.

Dungeon Overview and Level Annotations

Branches:
Dungeon (4/15)
 Temple: D:4-7

Altars:
Ashenzari
Fedhas
Qazlal
Sif Muna
Wu Jian
Xom

Annotations:
D:3 2 transporters, cforsyth's ghost, amateur KoBr


Innate Abilities, Weirdness & Mutations

You cannot be hasted, slowed, berserked, paralysed or teleported.
You can dig through walls and to a lower floor.
You have a pair of large antennae on your head. (SInv)
Your four strong arms can wield two-handed weapons with a shield.
Your flesh is cold resistant. (rC+)
Your magical capacity is low. (-10% MP)


Message History

b - a +2 dagger of venom (weapon)
A killer bee comes into view.
The killer bee misses you.
You miss the killer bee. The killer bee stings you. The killer bee misses you.
You miss the killer bee. The killer bee stings you.
* * * LOW HITPOINT WARNING * * *
You are poisoned.
The killer bee poisons you! The killer bee closely misses you.
You feel sick.
The killer bee buzzes angrily.
You hear an angry buzzing noise. x3
The killer bee barely misses you.
There is a stone staircase leading up here.
You feel better. The killer bee barely misses you. The killer bee stings you!
You are poisoned.
The killer bee poisons you!
You aren't carrying any items that you can evoke.
Okay, then.
You closely miss the killer bee.
* * * LOW HITPOINT WARNING * * *
You feel very sick. The killer bee closely misses you.
The killer bee stings you.
* * * LOW HITPOINT WARNING * * *
You miss the killer bee.
* * * LOW HITPOINT WARNING * * *
You feel sick. The killer bee barely misses you. x2
It was a potion of magic.
Magic courses through your body.
* * * LOW HITPOINT WARNING * * *
You feel sick. The killer bee barely misses you. x2
Unknown command.
It was a potion of mutation.
You feel extremely strange.
You feel less energetic.
You feel resistant to cold.
* * * LOW HITPOINT WARNING * * *
You feel sick. The killer bee completely misses you. The killer bee stings you.
* * * LOW HITPOINT WARNING * * *
You are more poisoned.
The killer bee poisons you!
You hit the killer bee but do no damage.
The killer bee is poisoned.
You die...
Fedhas appreciates your contribution to the ecosystem.

# ### #{ #@# #..
#y# #...
#r#####.#
#....###y.......
#....'.........#
##{..########...
#..{ ## #{ #


You could see 2 killer bees and a quokka.

Vanquished Creatures
  Terence (D:2)
  Robin (D:2)
  A gnoll (D:4)
  4 adders
  2 orcs (D:3)
  3 bats
  7 endoplasms
  2 giant cockroaches
  10 hobgoblins
  2 jackals (D:1)
  2 quokkas
  3 ball pythons
  A frilled lizard (D:2)
  9 goblins
  4 kobolds
  6 rats
58 creatures vanquished.

Vanquished Creatures (others)
  6 plants (D:3)
6 creatures vanquished.

Grand Total: 64 creatures vanquished

Notes
Turn   | Place    | Note
-------+----------+-------------------------------------------
     0 | D:1      | ragingrage the Formicid Hunter began the quest for the Orb.
     0 | D:1      | Reached XP level 1. HP: 16/16 MP: 1/1
   111 | D:1      | Found a faded altar of an unknown god.
   343 | D:1      | Reached XP level 2. HP: 22/22 MP: 2/2
   715 | D:2      | Noticed Terence
   787 | D:2      | Noticed Robin
   804 | D:2      | Killed Robin
   805 | D:2      | Reached XP level 3. HP: 23/25 MP: 3/3
  1072 | D:2      | Reached XP level 4. HP: 33/33 MP: 4/4
  1322 | D:2      | Reached skill level 5 in Ranged Weapons
  1441 | D:2      | Killed Terence
  1524 | D:3      | Noticed cforsyth's ghost (amateur KoBr)
  1583 | D:3      | Reached XP level 5. HP: 38/38 MP: 5/5
  1918 | D:3      | Identified the +1 spear of Premature Burial {venom, rElec
                  | rPois Dex-2 SInv}
  1930 | D:3      | Found a transporter.
  1936 | D:3      | Found a transporter.
  1989 | D:3      | Found an ornate altar of the Wu Jian Council.
  2001 | D:3      | Found a blossoming altar of Fedhas.
  2012 | D:3      | Found a broken altar of Ashenzari.
  2016 | D:3      | Found a shimmering altar of Xom.
  2017 | D:3      | Found a shimmering blue altar of Sif Muna.
  2025 | D:3      | Became a worshipper of Fedhas Madash
  2152 | D:3      | Found a stormy altar of Qazlal.
  2282 | D:4      | Gained mutation: Your magical capacity is low. (-10% MP)
                  | [potion of mutation]
  2282 | D:4      | Gained mutation: Your flesh is cold resistant. (rC+)
                  | [potion of mutation]
  2283 | D:4      | Succumbed to a killer bee's poison

Illustrated notes

Levels and vault maps discovered:
D:1:      spicycebolla_green_bress_n_ham, layout_loops_ring,
          shapermc_ecumenical_altar_pompeii
D:2:      layout_basic, minmay_surrounded, uniq_robin, uniq_terence
D:3:      minmay_general_purpose_star, layout_rooms,
          lemuel_coloured_pillars_altar, minitemple,
          gammafunk_ghost_gnarly_gnolls
D:4:      layout_basic, minmay_temple_entry_waves

Skill      XL: |  1  2  3  4 |
---------------+-------------+-----
Stealth        | 2 3 |  3.0
Ranged Weapons | 5 |  5.9
Fighting       | |  2.1
Dodging        | |  1.7
Invocations    | |  0.5

Action                     |  1- 3 |  4- 6 || total
---------------------------+-------+-------++-------
  Melee: Dagger            |       |     7 ||     7
   Fire: Shortbow          |    80 |    60 ||   140
Ability: Dig               |     4 |       ||     4
    Use: Potion            |       |     5 ||     5
 Armour: Leather armour    |     6 |     1 ||     7
  Dodge: Dodged            |    20 |    28 ||    48

Table legend: (Time is in decaauts)
 A = Elapsed time spent in this place.
 B = Non-inter-level travel time spent in this place.
 C = Inter-level travel time spent in this place.
 D = Time resting spent in this place.
 E = Time spent auto-exploring this place.
 F = Levels seen in this place.
 G = Mean time per level.
                   A        B        C        D        E       F      G
               +--------+--------+--------+--------+--------+-----+--------+
         Total |   2324 |   2161 |    163 |    129 |   1611 |   4 |  581.0 |
       Dungeon |   2324 |   2161 |    163 |    129 |   1611 |   4 |  581.0 |
               +--------+--------+--------+--------+--------+-----+--------+

Top non-repeatable levels by time:
     D:2: 858 daAuts
     D:3: 734 daAuts
     D:1: 690 daAuts
     D:4: 40 daAuts
